 Dungeon Crawl Stone Soup version 0.31-a0-198-g2ad674f65e (webtiles) character file.

Game seed: 6496159976802706798

82 qw the Shooter (level 4, -4/25 HPs)
             Began as a Deep Elf Hunter on June 25, 2023.
             Slain by Natasha (6 damage)
             ... on level 2 of the Dungeon.
             The game lasted 00:00:33 (1202 turns).

qw the Shooter (Deep Elf Hunter)                    Turns: 1202, Time: 00:00:34

Health: -4/25      AC:  3    Str: 10    XL:     4   Next: 21%
Magic:  6/6        EV: 12    Int: 14    God:
Gold:   90         SH:  0    Dex: 18    Spells: 3/3 levels left

rFire   . . .        Y - +0 shortbow
rCold   . . .        (shield currently unavailable)
rNeg    . . .        c - +0 leather armour
rPois   .            (no helmet)
rElec   .            (no cloak)
rCorr   .            (no gloves)
SInv    .            (no boots)
Will    .....        (no amulet)
Stlth   ++           (no ring)
HPRegen 0.24/turn    (no ring)
MPRegen 0.10/turn

%: no passive effects
@: slowed, very slow
A: no striking features
a: no special abilities


You were on level 2 of the Dungeon.
You visited 1 branch of the dungeon, and saw 2 of its levels.

You collected 90 gold pieces.


   Skills:
 - Level 1.5 Fighting
 + Level 7.6 Ranged Weapons
 - Level 2.4 Dodging
 - Level 1.2 Stealth


You had 3 spell levels left.
You didn't know any spells.
Your spell library was empty.

Inventory:

Hand Weapons
 Y - a +0 shortbow (weapon)
Armour
 c - a +0 leather armour (worn)
 g - a +0 ring mail
Scrolls
 a - a scroll of fear {unknown}
 e - a scroll of identify
 h - 2 scrolls of noise {unknown}
Potions
 b - 2 potions of curing {unknown}
 d - a potion of brilliance {unknown}
 f - a potion of heal wounds {unknown}

Dungeon Overview and Level Annotations

Branches:
Dungeon (2/15)

Altars:

Shops:
D:2 =:*[

Annotations:
D:2 Natasha


Message History

Enter note:
Enter note:
Enter note: Natasha, Servant of Life and Death comes into view.
Natasha hisses angrily.
Enter note:
Enter note:
Enter note:
Enter note: You shoot an arrow.
The arrow hits Natasha.
Natasha is moderately wounded.
You shoot an arrow. The arrow closely misses Natasha.
You shoot an arrow. The arrow hits Natasha.
Natasha is heavily wounded.
Natasha barely misses you.
You shoot an arrow. The arrow misses Natasha.
Natasha closely misses you.
You shoot an arrow. The arrow hits Natasha.
Natasha is almost dead.
Natasha completely misses you.
You shoot an arrow. The arrow barely misses Natasha.
Natasha claws you.
You shoot an arrow. The arrow barely misses Natasha.
Natasha claws you.
Natasha drinks a potion.
Natasha suddenly seems more resistant.
You shoot an arrow. The arrow closely misses Natasha.
Natasha casts a spell at you.
You feel yourself slow down.
You shoot an arrow. The arrow hits Natasha.
Natasha is almost dead.
Natasha casts a spell at you. The magic dart hits you!
You shoot an arrow. The arrow completely misses Natasha.
Natasha completely misses you.
Natasha stares at you and mumbles some strange words.
The magic dart hits you.
You shoot an arrow. The arrow barely misses Natasha.
Natasha casts a spell at you. The magic dart hits you. Natasha claws you.
You die...

#......#........
#......)........
#.#.####....)...
#.#....##..#####
#.#....##..#
##.#.##.##..#####
##...........%....
...####...#..\.....###..
.>.....@..#........# #.#
.......h##..........##.#
#'##.##.##.....####.##.#
.. ...#^....# '##.# ..#
.#...#'##.# ..#.# .
.#......##.# ..#.# .\
#........# #.. .# ......
## ###


You could see Natasha (resistant).

Vanquished Creatures
  Natasha (D:2)
  An adder (D:2)
  A dart slug (D:1)
  4 bats
  9 endoplasms
  A giant cockroach (D:2)
  5 goblins
  2 jackals (D:2)
  3 quokkas (D:1)
  A ball python (D:2)
  5 frilled lizards
  6 kobolds
  3 rats
42 creatures vanquished.

Notes
Turn   | Place    | Note
-------+----------+-------------------------------------------
     0 | D:1      | qw the Deep Elf Hunter began the quest for the Orb.
     0 | D:1      | Reached XP level 1. HP: 12/12 MP: 3/3
     0 | D:1      | 0 ||| qw: Version: 0.3-a-22-g0ed2b0b
     0 | D:1      | 0 ||| qw: Game counter: 4952
     0 | D:1      | 0 ||| qw: Melee chars always use a shield: true
     0 | D:1      | 0 ||| qw: God list: Okawaru
     0 | D:1      | 0 ||| qw: Allow faded altars: false
     0 | D:1      | 0 ||| qw: Do Orc after clearing Dungeon:15 true
     0 | D:1      | 0 ||| qw: Do second Lair branch before Depths: true
     0 | D:1      | 0 ||| qw: Lair rune preference: random
     0 | D:1      | 0 ||| qw: Goals: Normal
     0 | D:1      | 0 ||| PLANNING D:1-11
    24 | D:1      | HP: 3/12 [quokka (4)]
   151 | D:1      | Reached XP level 2. HP: 14/16 MP: 4/4
   160 | D:1      | Reached skill level 6 in Ranged Weapons
   521 | D:1      | Reached XP level 3. HP: 16/20 MP: 5/5
   730 | D:1      | 730 ||| DROPPING ring of flight.
   731 | D:1      | 731 ||| READING scroll labelled BACO MYDDA.
   732 | D:1      | 732 ||| DRINKING 2 amethyst potions.
   733 | D:1      | 733 ||| DROPPING scroll of butterflies.
   734 | D:1      | 734 ||| DROPPING potion of invisibility.
   768 | D:2      | Found Nipnoap's Antique Armour Emporium.
   790 | D:2      | Noticed Natasha
   795 | D:2      | HP: 5/20 [Natasha/magic dart (5)]
   798 | D:2      | Killed Natasha
   799 | D:2      | Reached skill level 7 in Ranged Weapons
   812 | D:2      | 812 ||| FLEEEEING.
   922 | D:2      | Found Xozxibla's General Store.
   930 | D:2      | 930 ||| SHOPLISTING +2 ring mail of poison resistance (198
                  | gold, have 50).
   930 | D:2      | 930 ||| SHOPLISTING potion of heal wounds (55 gold, have
                  | 50).
   930 | D:2      | 930 ||| SHOPLISTING scroll of enchant armour (82 gold, have
                  | 50).
   952 | D:2      | 952 ||| SHOPLISTING dyed leather armour (115 gold, have
                  | 50).
   952 | D:2      | 952 ||| SHOPLISTING glowing scale mail (161 gold, have 50).
   952 | D:2      | 952 ||| SHOPLISTING pair of gloves (103 gold, have 50).
  1001 | D:2      | Reached XP level 4. HP: 19/25 MP: 6/6
  1159 | D:2      | Found Redeq's Book Boutique.
  1189 | D:2      | Found Lauxt's Jewellery Shop.
  1191 | D:2      | Noticed Natasha
  1201 | D:2      | HP: 6/25 [Natasha/magic dart (6)]
  1202 | D:2      | HP: 2/25 [Natasha/magic dart (4)]
  1202 | D:2      | Slain by Natasha

Levels and vault maps discovered:
D:1:      lemuel_arrival_cross, layout_loops_ring
D:2:      layout_basic, serial_shops, shop, shop, nicolae_shop_tiny_waterfront,
          nicolae_shop_gaudy_bauble, minmay_misc_feat_alley, uniq_natasha

Skill      XL: |  1  2  3 |
---------------+----------+-----
Ranged Weapons | 6 7 |  7.6
Fighting       | |  1.5
Dodging        | |  2.4
Stealth        | |  1.2

Action                     |  1- 3 |  4- 6 || total
---------------------------+-------+-------++-------
   Fire: Shortbow          |    98 |    36 ||   134
    Use: Scroll            |     1 |       ||     1
         Potion            |     1 |       ||     1
 Armour: Leather armour    |     9 |     5 ||    14
  Dodge: Dodged            |    17 |    16 ||    33

Table legend:
 A = Non-vault XP
 B = Vault XP
 C = Vault XP percentage of total XP
 D = Non-vault monster count
 E = Vault monster count
 F = Vault count percentage of total count
                 A         B        C        D         E       F
            +---------+---------+-------+---------+---------+-------
      Total |      82 |      36 |  30.5 |      41 |       1 |   2.4
            +---------+---------+-------+---------+---------+-------
        D:1 |      46 |       0 |   0.0 |      26 |       0 |   0.0
        D:2 |      36 |      36 |  50.0 |      15 |       1 |   6.2
            +---------+---------+-------+---------+---------+-------
